 Dungeon Crawl Stone Soup version 0.18-a0-1577-gf591c28 (webtiles) character file.

489 Ijustatesigmund the Skirmisher (level 7, -6/48 HPs)
             Began as an Octopode Transmuter on Mar 17, 2016.
             Splashed by a jelly's acid (7 damage)
             ... on level 4 of the Dungeon.
             The game lasted 00:12:26 (4785 turns).

Ijustatesigmund the Skirmisher (OpTm)               Turns: 4785, Time: 00:12:27

Health: -6/48      AC: -2    Str: 10    XL:     7   Next: 14%
Magic:  5/11       EV: 21    Int: 17    God:
Gold:   133        SH:  0    Dex: 17    Spells: 3 memorised, 6 levels left

rFire  . . .     SeeInvis .       - Unarmed
rCold  . . .     Gourm    .     (shield currently unavailable)
rNeg   . . .     Faith    .     (helmet currently unavailable)
rPois  x         Spirit   .     (no amulet)
rElec  .         Dismiss  .     n - ring of wizardry
rCorr  .         Reflect  .     (no ring)
SustAt .         Harm     .     (no ring)
MR     .....                    (no ring)
Stlth  +++.......               (no ring)
                                (no ring)
                                (no ring)
                                (no ring)

@: spider-form, corroded equipment, not resistant to hostile enchantments,
fairly stealthy
A: almost no armour, (amphibious), 8 rings, (constrict 8), (camouflage 0),
(gelatinous body 0)
a: End Transformation


You were on level 4 of the Dungeon.
You were not hungry.
You were a venomous arachnid creature.
You visited 1 branch of the dungeon, and saw 4 of its levels.

You collected 133 gold pieces.

Inventory:

Missiles
 a - 59 arrows
Jewellery
 e - an uncursed ring of ice
 n - a ring of wizardry (left front leg)
Potions
 d - a potion of ambrosia
 g - 4 potions of curing
 h - a potion of brilliance
 j - 2 potions of lignification {unknown}
 k - a potion of degeneration {unknown}
 l - a potion of beneficial mutation {unknown}
Books
 b - a book of Changes

   Spells                             Type                      Level
   a - Beastly Appendage              Transmutation                1
   b - Sticks to Snakes               Transmutation                2
   c - Spider Form                    Transmutation/Poison         3
   d - Ice Form                       Ice/Transmutation            4
   e - Blade Hands                    Transmutation                5
Comestibles
 c - 4 bread rations
 f - 5 fruits
 i - a slice of pizza
 m - a meat ration
 o - 7 chunks of flesh


   Skills:
 - Level 4.1 Fighting
 + Level 3.1 Dodging
 + Level 3.1 Stealth
 - Level 4.0 Unarmed Combat
 + Level 3.2 Spellcasting
 - Level 2.8 Transmutations
 - Level 2.0 Poison Magic


You had 6 spell levels left.
You knew the following spells:

 Your Spells              Type           Power        Failure   Level  Hunger
a - Beastly Appendage     Trmt           ##....       7%          1    None
b - Sticks to Snakes      Trmt           ##......     10%         2    ##.....
c - Spider Form           Trmt/Pois      ##........   17%         3    ###....


Dungeon Overview and Level Annotations

Branches:
Dungeon (4/15)
 Temple: D:4-7

Altars:


Innate Abilities, Weirdness & Mutations

You cannot wear most types of armour.
((You are amphibious.))
You can wear up to eight rings at the same time.
((You can use your tentacles to constrict eight enemies at once.))
((Your skin changes colour to match your surroundings (Stealth).))
((Your rubbery body absorbs attacks (AC +1).))


Message History

The jelly hits you.
You are splashed with acid!
The acid burns!
You hit the jelly.
The jelly is poisoned.
Your front legs burn!
The jelly is heavily wounded.
The jelly hits you.
You are splashed with acid!
The acid burns!
You hit the jelly.
Your front legs burn!
The jelly is severely wounded.
The jelly closely misses you.
You hit the jelly.
Your front legs burn!
The jelly is severely wounded.
The jelly hits you.
You are splashed with acid!
The acid burns!
* * * LOW HITPOINT WARNING * * *
An ogre comes into view. It is wielding a giant spiked club.
The ogre shouts!
You hit the jelly.
Your front legs burn!
* * * LOW HITPOINT WARNING * * *
The jelly is almost dead.
The jelly hits you.
* * * LOW HITPOINT WARNING * * *
You are splashed with acid!
The acid corrodes you!
The acid burns!
You die...

#...# ........... #...#
w....O.o. ##.## ....... ##.#
..... #.## ... ##.# #.# #.##
#.# ##.## #J# #.).## #s#
######### #....# #.# #.......#
#....# #.# #.......# #....#
######'###.......# ##.).#
#................######
##.#####......................
#......†.........#.###.......
#######..........#.#.........
#........>.#.#.........


You could see an ogre and a jelly.

Vanquished Creatures
  2 scorpions (D:4)
  A howler monkey (D:4)
  A hound (D:4)
  An orc priest (D:4)
  Crazy Yiuf (D:4)
  Ijyb (D:2)
  A worker ant (D:4)
  7 gnolls
  5 adders
  2 oozes
  2 worms
  4 dart slugs
  2 giant geckos (D:1)
  5 orcs (D:4)
  2 giant cockroaches
  7 hobgoblins
  3 jackals (D:1)
  8 kobolds
  A ball python (D:1)
  2 bats
  2 giant newts
  2 goblins
  5 rats
67 creatures vanquished.

Vanquished Creatures (collateral kills)
  Terence (D:2)
  A worker ant (D:4)
  A gnoll (D:3)
  An adder (D:3)
4 creatures vanquished.

Grand Total: 71 creatures vanquished

Notes
Turn   | Place    | Note
--------------------------------------------------------------
     0 | D:1      | Ijustatesigmund the Octopode Transmuter began the quest for the Orb.
     0 | D:1      | Reached XP level 1. HP: 13/13 MP: 3/3
   287 | D:1      | Reached XP level 2. HP: 9/20 MP: 3/5
   294 | D:1      | Learned a level 2 spell: Sticks to Snakes
   651 | D:1      | Reached XP level 3. HP: 21/25 MP: 6/6
   656 | D:1      | Learned a level 3 spell: Spider Form
  1004 | D:1      | Reached skill level 1 in Poison Magic
  1838 | D:2      | Found a faded altar to an unknown god.
  2011 | D:2      | Noticed Ijyb
  2035 | D:2      | Killed Ijyb
  2035 | D:2      | Reached XP level 4. HP: 26/31 MP: 1/7
  2135 | D:2      | Noticed Terence
  2149 | D:2      | Killed Terence
  2363 | D:3      | Reached XP level 5. HP: 16/36 MP: 8/8
  3931 | D:3      | Reached XP level 6. HP: 43/43 MP: 9/9
  4013 | D:4      | Reached skill level 1 in Stealth
  4582 | D:4      | Noticed a phantom
  4616 | D:4      | Noticed Crazy Yiuf
  4635 | D:4      | Killed Crazy Yiuf
  4635 | D:4      | Reached XP level 7. HP: 48/48 MP: 1/11
  4785 | D:4      | HP: 1/48 [jelly (2)]
  4785 | D:4      | Splashed by a jelly's acid

Vault maps used:
D:1:      roderic_dead_forest
D:2:      ecumenical_altar_1, first_bread, uniq_iyjb, uniq_terence
D:4:      nicolae_overflow_crystal_walls, nicolae_overflow_hidden_temple,
          kennysheep_okawaru_gauntlet, uniq_crazy_yiuf_cottage

Skill      XL: |  1  2  3  4  5  6  7 |
---------------+----------------------+-----
Fighting       | 2 3 4 |  4.1
Poison Magic   | 1 2 |  2.0
Unarmed Combat | 4 |  4.0
Stealth        | 2 3 |  3.1
Dodging        | 3 |  3.1
Spellcasting   | 3 |  3.2
Transmutations | |  2.8

Action                   |  1- 3 |  4- 6 |  7- 9 || total
-------------------------+-------+-------+-------++-------
Melee: Unarmed           |    76 |   112 |    11 ||   199
 Cast: Beastly Appendage |     9 |     8 |       ||    17
       Sticks to Snakes  |     3 |    20 |     2 ||    25
       Spider Form       |       |     3 |     2 ||     5
  Use: Scroll            |     3 |     7 |       ||    10
       Potion            |       |     2 |       ||     2
 Stab: Sleeping          |     5 |     4 |       ||     9
  Eat: Chunk             |     3 |    10 |     1 ||    14
